 Dungeon Crawl Stone Soup version 0.22-a0-240-g539252a (webtiles) character file.

9562 Amnesiac the Fetichist (level 11, -15/58 HPs)
             Began as a Spriggan Artificer on Feb 21, 2018.
             Was an Initiate of Gozag.
             Killed from afar by Harold (32 damage)
             ... with a bolt of fire
             ... on level 10 of the Dungeon.
             The game lasted 00:32:58 (14375 turns).

Amnesiac the Fetichist (Spriggan Artificer)        Turns: 14375, Time: 00:32:59

Health: -15/58     AC:  5    Str: 11    XL:     11   Next: 24%
Magic:  23/23      EV: 28    Int: 20    God:    Gozag
Gold:   1882       SH:  0    Dex: 17    Spells: 3/10 levels left

rFire    . . .     SeeInvis +   a - +3 hunting sling of Agony {velocity, Int+2}
rCold    . . .     Gourm    .   (shield restricted)
rNeg     . . .     Faith    .   P - +2 robe
rPois    .         Spirit   .   (helmet restricted)
rElec    .         Reflect  .   w - +0 cloak
rCorr    .         Harm     .   (gloves unavailable)
MR       +....                  (boots unavailable)
Stlth    ++........             (no amulet)
HPRegen  0.19/turn              M - +5 ring of intelligence
MPRegen  0.18/turn              H - +4 ring of slaying

@: very quick
A: very small, unfitting armour, see invisible, herbivore, speed 3, slow
metabolism 2
a: Potion Petition, Call Merchant, Bribe Branch, Renounce Religion


You were on level 10 of the Dungeon.
You worshipped Gozag.
Gozag was most pleased with you.
You were not hungry.

You visited 2 branches of the dungeon, and saw 11 of its levels.
You also visited: Sewer.

You collected 1966 gold pieces.
You paid 84 gold pieces to Gozag.

Inventory:

Hand Weapons
 a - the +3 hunting sling of Agony (weapon) {velocity, Int+2}
   (You took it off Duvessa on level 7 of the Dungeon)

   Any stone fired from it inflicts extra damage.
   It affects your intelligence (+2).
 b - a +4 dagger of chaos
 R - a +2 scimitar of flaming
 U - a +2 eveningstar of draining
Missiles
 g - 226 stones
 t - 46 sling bullets (quivered)
 E - 5 exploding tomahawks
 G - 35 poisoned needles
Armour
 w - a +0 cloak (worn)
 P - a +2 robe (worn)
Jewellery
 n - an uncursed ring of ice
 C - an uncursed ring of flight
 H - a +4 ring of slaying (right hand)
 M - a +5 ring of intelligence (left hand)
Wands
 q - a wand of iceblast (6)
 I - a wand of scattershot (5)
 J - a wand of disintegration (7)
 L - a wand of random effects (8)
 O - a wand of acid (6)
 Q - a wand of clouds (2)
 T - a wand of paralysis (11)
Scrolls
 d - 2 scrolls of enchant armour {!r, unknown}
 h - 3 scrolls of amnesia {!r}
 m - 3 scrolls of noise {!r}
 v - a scroll of blinking {!r, unknown}
 x - 3 scrolls of remove curse {!r}
 y - 8 scrolls of teleportation {!r, unknown}
 z - 5 scrolls of fog {!r}
 A - 2 scrolls of magic mapping {!r, unknown}
 D - a scroll of fear {!r, unknown}
 F - 7 scrolls of identify {!r, unknown}
 K - a scroll of random uselessness {!r, unknown}
 S - 2 scrolls of enchant weapon {!r, unknown}
Potions
 c - a potion of agility {!q, unknown}
 e - 2 potions of brilliance {!q, unknown}
 i - 4 potions of degeneration {!q, unknown}
 j - 3 potions of magic {!q, unknown}
 k - 4 potions of might {!q, unknown}
 l - 4 potions of heal wounds {!q}
 p - a potion of mutation {!q, unknown}
 s - 2 potions of curing {!q, unknown}
 u - 4 potions of flight {!q}
 B - a potion of haste {!q, unknown}
 N - a potion of cancellation {!q, unknown}
Comestibles
 f - 16 rations


   Skills:
 + Level 7.4 Fighting
 - Level 2.3 Short Blades
 + Level 12.4 Dodging
 - Level 2.0 Stealth
 * Level 15.6 Evocations


You had 3 spell levels left.
You knew the following spells:

 Your Spells              Type           Power        Failure   Level  Hunger
a - Ozocubu's Armour      Chrm/Ice       #.......     50%         3    ####...
e - Confuse               Hex            #.......     50%         3    ####...
z - Confusing Touch       Hex            #.....       19%         1    ##.....


Dungeon Overview and Level Annotations

Branches:
Dungeon (10/15)            Temple (1/1) D:6             Orc (0/2) D:10
   Lair: D:8-11

Altars:
Ashenzari
Cheibriados
Dithmenos
Elyvilon
Fedhas
Gozag
Hepliaklqana
Kikubaaqudgha
Makhleb
Nemelex Xobeh
Okawaru
Qazlal
Ru
Sif Muna
Trog
Uskayaw
Vehumet
Wu Jian
Xom
Yredelemnul
Zin
The Shining One

Shops:
D:4 :   D:7 *

Portals:
Trove: D:10 (show slimy rune of Zot)

Annotations:
D:10 Harold


Innate Abilities, Weirdness & Mutations

You are very small and have problems with some larger weapons.
You are too small for most types of armour.
You have supernaturally acute eyesight. (SInv)
You are a herbivore.
You cover ground extremely quickly.
You need consume almost no food.


Message History

Firing (i - inventory. (/) - cycle)
t - 53 sling bullets (quivered)
Press: ? - help, Shift-Dir - straight line, f/p - Harold
Aim: Harold, wielding a hand axe and wearing a ring mail (severely wounded)
You shoot a sling bullet.
The sling bullet hits Harold but does no damage.
Harold is severely wounded.
Firing (i - inventory. (/) - cycle)
t - 52 sling bullets (quivered)
Press: ? - help, Shift-Dir - straight line, f/p - Harold
Aim: Harold, wielding a hand axe and wearing a ring mail (severely wounded)
You shoot a sling bullet. The sling bullet hits Harold.
Harold is severely wounded.
You start resting.
Firing (i - inventory. (/) - cycle)
t - 51 sling bullets (quivered)
Press: ? - help, Shift-Dir - straight line, f/p - Harold
Aim: Harold, wielding a hand axe and wearing a ring mail (severely wounded, hasn't noticed you)
You shoot a sling bullet.
Harold shouts!
The sling bullet hits Harold.
Harold is severely wounded.
You see here an arrow.
t - 51 sling bullets (gained 1) Harold is nearby!
Firing (i - inventory. (/) - cycle)
t - 51 sling bullets (quivered)
Press: ? - help, Shift-Dir - straight line, f/p - Harold
Aim: Harold, wielding a hand axe and wearing a ring mail (severely wounded)
You shoot a sling bullet. The sling bullet hits Harold.
Harold is severely wounded.
Harold mumbles some strange words.
Harold blinks!
You start resting.
Firing (i - inventory. (/) - cycle)
t - 50 sling bullets (quivered)
Press: ? - help, Shift-Dir - straight line, f/p - Harold
Aim: Harold, wielding a hand axe and wearing a ring mail (severely wounded)
You shoot a sling bullet. The sling bullet hits Harold!
Harold is almost dead.
Harold casts a spell.
Harold blinks!
Unknown command.
You start resting.
Firing (i - inventory. (/) - cycle)
t - 49 sling bullets (quivered)
Press: ? - help, Shift-Dir - straight line, f/p - Harold
Aim: Harold, wielding a hand axe and wearing a ring mail (almost dead)
You shoot a sling bullet. The sling bullet hits Harold.
Harold is almost dead.
Harold gestures wildly while chanting.
Harold blinks!
Firing (i - inventory. (/) - cycle)
t - 48 sling bullets (quivered)
Press: ? - help, Shift-Dir - straight line, f/p - Harold
Aim: Harold, wielding a hand axe and wearing a ring mail (almost dead)
You shoot a sling bullet. The sling bullet barely misses Harold.
Harold gestures at you while chanting. The bolt of fire hits you!
Ouch! That really hurt!
* * * LOW HITPOINT WARNING * * *
Firing (i - inventory. (/) - cycle)
t - 47 sling bullets (quivered)
Press: ? - help, Shift-Dir - straight line, f/p - Harold
Aim: Harold, wielding a hand axe and wearing a ring mail (almost dead)
You shoot a sling bullet. The sling bullet barely misses Harold.
Harold asks, "Do you mind if I name my boat the 'Amnesiac'?
Your head will be paying for it, after all."
Harold casts a spell at you. The bolt of fire hits you!
Ouch! That really hurt!
You die...
Your body crumbles into a pile of gold.

#.# #.. #.# #### #.#
#... #.# ##.## #.#
#...# ### #.####
#....
##.#####(#..####[...
##....<......#.....8.
#...@@......##.......
##..(######(#.....(.(
##.(##...(.()8....>.
#..##.###.#..).....
#..##.# #.##.......
#..##.# #.##...).8.
###..##@# #..####....
#.......# ###.##.#..#
#.#.##(.# #.##.#.##


You could see Harold.

Vanquished Creatures
  Erica (D:8)
  2 two-headed ogres
  Urug (D:10)
  An ugly thing (D:9)
  Psyche (D:8)
  2 trolls
  7 yaks (D:9)
  A wyvern (D:10)
  A human (D:9)
  3 hogs (D:9)
  A hungry ghost (D:10)
  A basilisk (D:10)
  A water moccasin (D:7)
  Duvessa (D:7)
  A black bear (D:6)
  3 ogres
  3 ice beasts
  3 orc warriors
  2 phantoms
  2 sky beasts
  7 killer bees
  2 centaurs
  A crocodile (D:8)
  A big kobold (D:10)
  7 bullfrogs
  A gnoll sergeant (D:6)
  Dowan (D:7)
  2 scorpions
  2 howler monkeys (D:6)
  3 crimson imps
  A bullfrog zombie (D:5)
  5 hounds
  2 bullfrog skeletons
  2 jellies
  An orc priest (D:9)
  An iron imp (D:6)
  2 orc wizards
  2 iguanas
  5 worker ants
  2 hound zombies
  2 hound skeletons
  A worker ant zombie (D:9)
  13 gnolls
  16 adders
  2 howler monkey skeletons
  4 river rats
  A shadow imp (D:7)
  An ooze (D:3)
  2 adder skeletons (D:6)
  4 worms
  A dart slug (D:2)
  9 leopard geckos
  20 orcs
  5 giant cockroaches
  9 hobgoblins
  12 jackals
  2 quokkas
  10 ball pythons
  4 bats
  11 frilled lizards
  5 goblins
  A jackal skeleton (D:9)
  13 kobolds
  A leopard gecko skeleton (D:5)
  A leopard gecko zombie (D:6)
  16 rats
254 creatures vanquished.

Vanquished Creatures (collateral kills)
  A killer bee (D:7)
  A centaur zombie (D:6)
  A crimson imp (D:6)
  A gnoll shaman (D:4)
  A worker ant (D:6)
  3 gnolls
  A worker ant zombie (D:6)
  3 adders (Sewer)
  2 river rats
  A dart slug (D:4)
  An orc (D:4)
  A ball python (Sewer)
  2 frilled lizards (Sewer)
  12 rats
31 creatures vanquished.

Vanquished Creatures (others)
  2 killer bees (D:7)
  2 adders
  A gnoll (D:6)
  A river rat (Sewer)
6 creatures vanquished.

Grand Total: 291 creatures vanquished

Notes
Turn   | Place    | Note
-------+----------+-------------------------------------------
     0 | D:1      | Amnesiac the Spriggan Artificer began the quest for the Orb.
     0 | D:1      | Reached XP level 1. HP: 9/9 MP: 4/4
   126 | D:3      | Found a sparkling altar of Nemelex Xobeh.
   144 | D:3      | Noticed a worker ant
   207 | D:4      | Noticed an ogre
   297 | D:4      | Found a deep blue altar of Sif Muna.
   479 | D:4      | Reached skill level 1 in Fighting
   479 | D:4      | Reached XP level 2. HP: 9/14 MP: 6/6
   640 | D:4      | Noticed a phantom
   659 | D:4      | Noticed a centaur
   799 | D:4      | Found Sired's Book Emporium.
  1078 | D:4      | Reached XP level 3. HP: 18/18 MP: 7/7
  1080 | D:4      | Killed an ogre
  1080 | D:4      | Reached skill level 5 in Evocations
  1080 | D:4      | Reached XP level 4. HP: 23/23 MP: 7/9
  1092 | D:4      | Killed a phantom
  1092 | D:4      | Reached XP level 5. HP: 26/26 MP: 7/10
  1180 | D:4      | Reached skill level 6 in Evocations
  1335 | D:5      | Entered Level 5 of the Dungeon
  1857 | D:5      | Noticed an ice beast
  1943 | D:5      | Reached XP level 6. HP: 29/30 MP: 11/11
  1946 | D:5      | Reached skill level 5 in Dodging
  2032 | D:5      | Noticed a sky beast
  2051 | D:5      | Noticed an ice beast
  2127 | D:6      | Found a staircase to the Ecumenical Temple.
  2127 | D:6      | Noticed a sky beast
  2133 | Temple   | Entered the Ecumenical Temple
  2256 | D:6      | Noticed an ice beast
  2314 | D:6      | Found a glowing drain.
  2448 | D:6      | Found a snail-covered altar of Cheibriados.
  2499 | Sewer    | Entered a sewer
  2718 | Sewer    | Reached skill level 7 in Evocations
  3348 | D:6      | Found an opulent altar of Gozag.
  3376 | D:6      | Became a worshipper of Gozag Ym Sagoz the Greedy
  4861 | D:2      | Reached XP level 7. HP: 9/35 MP: 13/13
  5210 | D:2      | Found a glowing golden altar of the Shining One.
  5594 | D:3      | Found a hide-covered altar of Uskayaw.
  5768 | D:3      | Reached skill level 8 in Evocations
  6363 | D:4      | Found Sired's Book Emporium.
  6654 | D:4      | Found a deep blue altar of Sif Muna.
  7292 | D:5      | Reached skill level 9 in Evocations
  7360 | D:5      | Reached XP level 8. HP: 42/42 MP: 14/16
  7842 | D:6      | Reached skill level 10 in Evocations
  8409 | D:6      | Reached skill level 11 in Evocations
  8680 | D:6      | Found a staircase to the Ecumenical Temple.
  8739 | D:6      | Found an opulent altar of Gozag.
  8870 | D:6      | Reached XP level 9. HP: 31/46 MP: 18/18
  9210 | D:6      | Found a snail-covered altar of Cheibriados.
  9394 | D:6      | Learned a level 1 spell: Confusing Touch
  9398 | D:6      | Learned a level 3 spell: Confuse
  9402 | D:6      | Learned a level 3 spell: Ozocubu's Armour
  9459 | D:7      | Noticed Dowan
  9480 | D:7      | Killed Dowan
  9727 | D:7      | Reached skill level 5 in Fighting
 10179 | D:7      | Found Viaguik's Assorted Antiques.
 10183 | D:7      | Noticed Duvessa
 10256 | D:7      | Killed Duvessa
 10256 | D:7      | Reached skill level 12 in Evocations
 10264 | D:7      | Got a warped hunting sling
 10334 | D:7      | Identified the +3 hunting sling of Agony {velocity, Int+2} (You took it off Duvessa on level 7 of the Dungeon)
 10601 | D:7      | Found a faded altar of an unknown god.
 10601 | D:7      | Found a bloodstained altar of Trog.
 10606 | D:7      | Found a shattered altar of Ashenzari.
 10608 | D:7      | Found a faded altar of an unknown god.
 10615 | D:7      | Found an ornate altar of the Wu Jian Council.
 10783 | D:8      | Found a stormy altar of Qazlal.
 10844 | D:8      | Noticed Psyche
 10859 | D:8      | Killed Psyche
 10952 | D:8      | Reached skill level 10 in Dodging
 11432 | D:8      | Noticed a two-headed ogre
 11469 | D:8      | Killed a two-headed ogre
 11469 | D:8      | Reached skill level 13 in Evocations
 11469 | D:8      | Reached XP level 10. HP: 53/53 MP: 20/20
 11514 | D:8      | Noticed Erica
 11538 | D:8      | Killed Erica
 11709 | D:9      | Noticed a two-headed ogre
 11812 | D:9      | Killed a two-headed ogre
 11812 | D:9      | Reached skill level 14 in Evocations
 12217 | D:9      | Found a shattered altar of Ashenzari.
 12222 | D:9      | Got a jewelled falchion
 12383 | D:9      | Found a white marble altar of Elyvilon.
 12869 | D:9      | Reached skill level 15 in Evocations
 12951 | D:10     | Entered Level 10 of the Dungeon
 12966 | D:10     | Found a staircase to the Orcish Mines.
 13193 | D:10     | Noticed Urug
 13229 | D:10     | Killed Urug
 13229 | D:10     | Reached XP level 11. HP: 58/58 MP: 23/23
 13396 | D:10     | Noticed a purple ugly thing
 13489 | D:9      | Killed a purple ugly thing
 13834 | D:10     | Found a portal to a secret trove of treasure.
 14229 | D:10     | Noticed Harold
 14375 | D:10     | Killed from afar by Harold

Vault maps used:
D:1:      dpeg_arrival_tiny_a, minmay_unequal
D:2:      tso_metal_star
D:3:      nicolae_overflow_crystal_walls, eat_drink_and_be_merry_uskayaw,
          serial_bayou_lagoon_b
D:4:      kennysheep_mini, serial_shops,
          nicolae_shop_temple_entry_statues_fountains, first_ration,
          guppyfry_early_lair_pool
D:6:      slow_altar_2, old_standard_altar, minmay_temple_entry_hall,
          portal_sewer_entry_a
D:7:      chequers_temple_overflow_minitemple, serial_shops, shop, uniq_duvessa
D:8:      nicolae_qazlal_style_of_elements, kennysheep_generic_room_6,
          uniq_erica, uniq_psyche
D:9:      elyvilon_altar_4, basic_altar, grunt_livestock
D:10:     david_orc_2, enter_trove_2, uniq_harold, uniq_urug
Temple:   minmay_temple_bridge_abc
Sewer:    sewer_minmay_w

Skill      XL: |  1  2  3  4  5  6  7  8  9 10 |
---------------+-------------------------------+-----
Fighting       | 1 2 3 4 5 7 |  7.4
Stealth        | 2 |  2.0
Short Blades   | 2 |  2.3
Dodging        | 4 5 7 8 10 12 | 12.4
Evocations     | 5 6 7 9 11 13 15 | 15.6

Action                   |  1- 3 |  4- 6 |  7- 9 | 10-12 || total
-------------------------+-------+-------+-------+-------++-------
Melee: Short sword       |    10 |   333 |       |       ||   343
 Fire: Hunting sling     |       |    10 |   587 |   328 ||   925
Evoke: Wand              |    13 |    29 |    10 |    17 ||    69
  Use: Scroll            |       |     5 |       |     1 ||     6
       Potion            |       |     2 |       |       ||     2
 Stab: Sleeping          |     2 |     7 |       |       ||     9
  Eat: Ration            |       |     4 |       |     4 ||     8
Armor: Robe              |     1 |    34 |    20 |     7 ||    62
Dodge: Dodged            |    26 |   380 |   230 |   152 ||   788

Table legend:
 A = Spawn XP
 B = Non-spawn XP
 C = Spawn XP percentage of total XP
 D = Spawn monster count
 E = Non-spawn monster count
 F = Spawn count percentage of total count
 G = Total turns spent on level
                    A         B        C        D         E        F      G
               +---------+---------+-------+---------+---------+-------+---------
         Total |       0 |   13660 |   0.0 |       0 |     286 |   0.0 | 14375
               +---------+---------+-------+---------+---------+-------+---------
           D:1 |       0 |      39 |   0.0 |       0 |      25 |   0.0 |   862
           D:2 |       0 |      99 |   0.0 |       0 |      20 |   0.0 |  1065
           D:3 |       0 |      69 |   0.0 |       0 |      16 |   0.0 |   974
           D:4 |       0 |     532 |   0.0 |       0 |      26 |   0.0 |  2333
           D:5 |       0 |     744 |   0.0 |       0 |      23 |   0.0 |  1273
           D:6 |       0 |    1317 |   0.0 |       0 |      33 |   0.0 |  2177
           D:7 |       0 |     981 |   0.0 |       0 |      17 |   0.0 |  1188
           D:8 |       0 |    2646 |   0.0 |       0 |      15 |   0.0 |   919
           D:9 |       0 |    4585 |   0.0 |       0 |      31 |   0.0 |  1656
          D:10 |       0 |    2446 |   0.0 |       0 |      33 |   0.0 |  1038
         Sewer |       0 |     202 |   0.0 |       0 |      47 |   0.0 |   795
               +---------+---------+-------+---------+---------+-------+---------
